Map: Acropolis LE

Players

Liberty - Winner!

  • Race: Terran Terran
  • League: Master
  • Spawn Location: 11:00

Mez

  • Race: Terran Terran
  • League: Master
  • Spawn Location: 5:00

VOD

Have the link to the VOD?

Description

Time

  • Played on: Sept. 4, 2019, 3:08 a.m.
  • Length: 8:48
Show
View Real Time Build Order
Export as new Build Order

Liberty Terran - Winner!

Build Orders:  

Get SALT Encoding   

  12  0:01  SCV  
  13  0:13  SCV  
  14  0:17  Supply Depot  
  14  0:25  SCV  
  14  0:28  Refinery  
  15  0:39  SCV  
  16  0:45  Barracks  
  16  0:51  SCV  
  16  0:54  Refinery  
  17  1:03  SCV  
  18  1:15  SCV  
  20  1:33  Reaper  
  20  1:34  Factory  
  20  1:37  Orbital Command  
  20  1:45  Supply Depot  
  20  2:02  SCV  
  20  2:05  Reaper  
  22  2:15  SCV  
  22  2:20  Hellion  
  25  2:28  SCV  
  26  2:30  Command Center  
  26  2:37  Reaper  
  27  2:47  Hellion  
  27  2:50  SCV  
  30  2:53  Supply Depot  
  30  2:54  Starport  
  30  3:02  SCV  
  31  3:11  Factory Tech Lab  
  31  3:12  Barracks Reactor  
  31  3:14  SCV  
  28  3:32  Cyclone  
  28  3:33  Starport Tech Lab  
  31  3:47  Orbital Command  
  29  3:48  Refinery  
  29  3:55  Marine x2, Raven  
  31  3:57  SCV  
  34  4:06  Siege Tank  
  34  4:09  SCV  
  38  4:13  Marine x2, SCV  
  41  4:18  Supply Depot  
  41  4:21  SCV  
  42  4:25  SCV  
  43  4:39  SCV x2  
  43  4:41  Marine x2, Siege Tank  
  47  4:48  Raven  
  47  4:51  SCV x2  
  51  4:59  Marine x2  
  53  5:03  SCV x2  
  51  5:14  Siege Tank  
  54  5:15  SCV x2  
  54  5:19  Marine, Command Center  
  54  5:20  Marine  
  55  5:37  Marine x2  
  57  5:46  SCV x2  
  57  5:47  Siege Tank  
  59  6:04  Marine x2  
  61  6:15  SCV  
  62  6:19  Supply Depot, Siege Tank, SCV, Raven  
  62  6:22  Marine  
  62  6:23  Marine  
  70  6:30  SCV  
  71  6:33  Orbital Command, Engineering Bay  
  71  6:34  Engineering Bay  
  71  6:36  SCV  
  71  6:39  Refinery  
  72  6:41  Marine x2  
  72  6:42  SCV  
  72  6:44  Supply Depot  
  75  6:57  Barracks x2  
  75  6:58  Siege Tank  
  78  7:13  Starport Reactor  
  78  7:14  Marine  
  78  7:15  Barracks  
  79  7:17  Barracks  
  79  7:20  SCV x2  
  81  7:23  Orbital Command  
  81  7:31  Siege Tank  
  81  7:32  Marine  
  85  7:40  Supply Depot  
  85  7:44  Barracks Reactor  
  85  7:45  Barracks Reactor  
  85  7:48  SCV x2  
  85  7:50  Marine, SCV  
  89  8:00  SCV x2  
  89  8:02  Marine, SCV  
  89  8:03  Marine  
  93  8:09  Barracks Reactor  
  93  8:11  Marine  
  94  8:12  SCV  
  94  8:13  SCV  
  107  8:42  Armory  
  107  8:44  Supply Depot  
  107  8:45  Factory  
Show
View Real Time Build Order
Export as new Build Order

Mez Terran 

Build Orders: Gas First Reaper Expand, Liberator Opening 

Get SALT Encoding   

  12  0:00  SCV  
  13  0:13  SCV  
  14  0:17  Supply Depot  
  14  0:25  SCV  
  14  0:27  Refinery  
  15  0:39  SCV  
  16  0:45  Barracks  
  16  0:51  SCV  
  17  1:03  SCV  
  18  1:15  SCV  
  19  1:33  Orbital Command, Reaper  
  20  1:48  Command Center  
  20  1:58  Factory  
  20  2:07  Barracks Reactor  
  20  2:10  SCV  
  20  2:14  Supply Depot  
  20  2:19  Refinery  
  20  2:23  SCV  
  21  2:35  SCV  
  22  2:47  Starport  
  21  2:52  Hellion  
  21  2:53  Hellion, Barracks Tech Lab  
  21  2:56  SCV  
  26  3:12  Marauder  
  27  3:27  Medivac, Concussive Shells  
  27  3:30  SCV  
  27  3:32  Hellion x2  
  29  3:45  Orbital Command  
  29  3:47  Liberator  
  27  3:54  Hellion  
  27  3:55  Hellion  
  31  3:57  Marauder  
  36  4:15  SCV x2  
  38  4:27  SCV x2  
  38  4:44  Marine x2  
  40  4:45  Cyclone  
  40  4:46  SCV x2  
  45  4:52  Supply Depot  
  45  4:54  Supply Depot  
  45  4:58  SCV  
  45  4:59  SCV  
  43  5:02  Marine  
  38  5:07  Marine  
  38  5:10  SCV  
  38  5:11  SCV  
  38  5:13  Starport Tech Lab  
  39  5:20  Marine, Siege Tank  
  43  5:23  SCV x2  
  43  5:26  Marine  
  46  5:35  SCV x2  
  47  5:36  Raven  
  47  5:37  Marine  
  51  5:44  Marine  
  51  5:49  Command Center, SCV x2  
  54  5:57  Siege Tank  
  52  6:10  SCV  
  53  6:20  Barracks x2  
  53  6:21  SCV  
  53  6:22  SCV  
  55  6:26  Starport Reactor, Supply Depot  
  55  6:32  Marine, Stimpack  
  55  6:36  SCV x2  
  55  6:38  Refinery  
  58  6:40  Refinery  
  58  6:44  Engineering Bay  
  58  6:45  Engineering Bay  
  58  6:49  SCV  
  58  6:50  Marine, SCV  
  58  6:52  Supply Depot  
  61  6:59  Siege Tank  
  64  7:01  Orbital Command  
  64  7:02  SCV x2  
  64  7:07  Marine x2  
  64  7:08  Marine  
  68  7:15  SCV  
  70  7:16  Starport Reactor  
  70  7:18  Marine x2  
  72  7:24  Supply Depot  
  72  7:25  Marine, SCV  
  72  7:27  SCV  
  75  7:33  Marine x2, Orbital Command  
  75  7:34  Siege Tank  
  77  7:47  Marine x3  
  77  7:51  Marine x2  
  82  8:05  Marine x3  
  84  8:09  Marine x2  
  74  8:23  Marine x3  
  74  8:26  Marine  
  74  8:27  Marine, SCV x3  
Tags
 
Add a new tag
Caveats
  • Supply blocks, unpowered buildings, or Contaminate may cause inaccurate times.
  • Supply counts are checked every 10 seconds.